[Event "Solidarity Match Ukraine-France 2022"]
[Site "Tornelo"]
[Date "2022.05.14"]
[Round "1.1"]
[White "Fressinet, Laurent"]
[Black "Eljanov, Pavel"]
[Result "1/2-1/2"]
[ECO "B10"]
[WhiteElo "2630"]
[BlackElo "2681"]
[Annotator "TA"]
[PlyCount "96"]
[EventDate "2022.05.13"]
[EventType "team-tourn"]
[EventCountry "NET"]
[SourceTitle "playchess.com"]
[Source "ChessBase"]
[SourceQuality "1"]
[WhiteTeam "France"]
[BlackTeam "Ukraine"]
[WhiteTeamCountry "FRA"]
[BlackTeamCountry "UKR"]
[TimeControl "900+10"]

1. e4 c6 2. Nf3 d5 3. d3 g6 4. e5 Bg7 5. d4 f6 6. Nbd2 {[%emt 0:01:14] B10: Caro-Kann: 2 d3 and 2 c4.} Nd7 7. exf6 {[%emt 0:00:25] [#]} Ngxf6 $146 ({Predecessor:} 7... exf6 8. Bd3 Nh6 9. O-O O-O 10. Re1 Re8 11. Nf1 Nf8 12. Ng3 Rxe1+ 13. Qxe1 Bg4 {½-½ (39) Taulbut,S (2380)-Wells,I Morecambe/ Lancashire 1981}) 8. Bd3 O-O 9. O-O e5 10. dxe5 Ng4 11. e6 Nc5 12. h3 Nxd3 13. cxd3 Nh6 14. Re1 {[%emt 0:01:26] Hoping for e7.} Re8 15. Nb3 {[%emt 0:00:29] Black must now prevent Bg5.} Bxe6 16. Nc5 Bc8 17. Bg5 Rxe1+ 18. Qxe1 Qf8 19. Be7 $36 {[%emt 0:00:52][%cal Bg5e7,Be7d6,Bd6e5][%mdl 2080] White fights for an advantage.} Qe8 20. Bd6 Bf5 21. Be5 b6 (21... Bxe5 $11 22. Qxe5 Qxe5 23. Nxe5 Re8) 22. Bxg7 $16 Qxe1+ 23. Rxe1 Kxg7 24. Ne6+ Kg8 25. Neg5 {[%emt 0:01:27] Re7 is the strong threat. Pair of Knights!} Nf7 26. Nxf7 Kxf7 {[%emt 0:00:03][%mdl 4096] Endgame KRB-KRN} 27. g4 Bc8 28. Ne5+ Ke6 (28... Kf6 $16 {was called for.}) 29. Nxc6+ Kd6 30. Nd4 {[%emt 0:00:04] 0x0.0024db30f5dadp-1022s more active pieces.} Ba6 31. Re6+ Kd7 32. Re5 Kd6 {[%emt 0:00:07] [#]} 33. Re6+ (33. Re3 $1 $16) 33... Kc5 (33... Kd7 $1 $11) 34. Nb3+ Kb4 {[%emt 0:00:02] [#]} 35. Rd6 (35. Re3 $1 $16) 35... Bxd3 $14 36. Rxd5 Bc4 37. Rd4 {[%emt 0:00:05] And now Nd2 would win.} b5 $1 38. Nc1 Kc5 39. Rd1 a5 40. b3 (40. Kh2 $14) 40... Bg8 $11 41. Ne2 a4 42. Rc1+ Kb4 43. Nd4 axb3 (43... Ra6 $5 ) 44. axb3 {[%emt 0:00:06] The position is equal.} Bd5 45. Rd1 Bf7 46. Rc1 Bd5 47. Rd1 Bg8 48. Rc1 Bd5 {[%emt 0:00:08] Black defended with fortune.  Weighted Error Value: White=0.13 (very precise) /Black=0.15 (very precise)} 1/2-1/2

[Event "Solidarity Match Ukraine-France 2022"]
[Site "Tornelo"]
[Date "2022.05.14"]
[Round "1.2"]
[White "Sebag, Marie"]
[Black "Buksa, Nataliya"]
[Result "1-0"]
[ECO "B30"]
[WhiteElo "2472"]
[BlackElo "2406"]
[Annotator "TA"]
[PlyCount "143"]
[EventDate "2022.05.13"]
[EventType "team-tourn"]
[EventCountry "NET"]
[SourceTitle "playchess.com"]
[Source "ChessBase"]
[SourceQuality "1"]
[WhiteTeam "France"]
[BlackTeam "Ukraine"]
[WhiteTeamCountry "FRA"]
[BlackTeamCountry "UKR"]
[TimeControl "900+10"]

1. e4 c5 2. Nc3 Nc6 3. Bb5 Nd4 4. Nf3 e6 5. O-O a6 6. Bd3 Nc6 {[%emt 0:00:47] B30: Sicilian: 2...Nc6 3 Bb5, lines without ...g6.} 7. Re1 {[%emt 0:00:29] 7.e5 is becoming the main line.} (7. Be2 $142) 7... b5 (7... g5 $142 $1 8. g3 d6) 8. e5 d6 {[%emt 0:00:12] The position is equal.} 9. exd6 Bxd6 10. a4 b4 11. Ne4 Be7 12. b3 Nf6 13. Bb2 Bb7 {[%emt 0:00:02] [#]} 14. Nfg5 $146 {[%emt 0:00:40][%cal Og5f7] Hoping for Nxf7!} ({Predecessor:} 14. Ne5 Nxe5 15. Bxe5 O-O 16. Bxf6 gxf6 17. Qh5 f5 18. Re3 Qd4 19. c3 bxc3 20. dxc3 {0-1 (47) Atako,C (2088)-Tozer,R (2286) Uxbridge 2009}) 14... h6 15. Nxf6+ Bxf6 {[%emt 0:00:42] [#]} 16. Qh5 $1 Bxg5 $17 17. Bxg7 {[%emt 0:00:06] [#]} (17. h4 $17 {only move.} Be7 18. Rxe6) 17... Ke7 $1 18. h4 $1 $15 Bf4 (18... Bxd2 19. Qxc5+ (19. Qf5 $2 Bxe1 20. Qxc5+ Qd6 $19) 19... Qd6 20. Bf6+ $1 Kd7 21. Qxd6+ Kxd6 22. Red1 $14) 19. Bxh8 (19. Qf5 $15 Bxd2 20. Qxc5+ Qd6 21. Bf6+ $1 Kd7 22. Qxd6+ Kxd6 23. Red1) 19... Qxh8 $17 20. Qxc5+ Bd6 $1 21. Qb6 Nd8 {[%emt 0:01:27][%mdl 1024] ...Qg7 is the strong threat. Black has strong compensation.} 22. c3 (22. Qe3 $17 {was necessary.}) 22... bxc3 (22... Rc8 $19 {Threatens to win with ...Bc5.} 23. Qd4 (23. Bxa6 $2 Rc6 $19) 23... Qxd4 24. cxd4 a5) 23. dxc3 Qxc3 24. Rac1 Qb4 (24... Qxd3 $6 25. Rcd1 Qg6 26. Qxd6+ Ke8 27. f3 $11 (27. g3 Qf5 $11)) 25. Rc7+ Ke8 26. Qxb4 Bxb4 {[%emt 0:00:03] This bishop pair is nice.} 27. Rd1 Rc8 28. Rxc8 Bxc8 29. g4 e5 ({Better is} 29... Bb7 $15 30. h5 Ke7) 30. f3 (30. g5 $1 $11 {remains equal.} hxg5 31. h5) 30... Bb7 (30... Ne6 $142 $1 31. Bf5 Ke7) 31. Kf2 (31. Be4 $142) 31... Ne6 32. Rc1 Bc5+ 33. Kg3 Bd6 (33... Ba3 $17 34. Rc4 Nc5) 34. Be4 $15 Bxe4 35. fxe4 Nc5 (35... Bc5 $15 {was preferrable.}) 36. Kf3 (36. b4 $5 Nxe4+ 37. Kf3 Nd2+ 38. Ke3 Bxb4 39. Rc6 $11) 36... Nxb3 37. Rc8+ Ke7 $1 38. g5 h5 39. Rh8 Bc5 40. Rxh5 {[%emt 0:00:06] aiming for Kg4.} Nd2+ 41. Kg4 Bd4 42. Rh6 {[%emt 0:00:37] Strongly threatening a5.} Nxe4 43. Rxa6 {[%emt 0:00:06] And now a5 would win.} Nf2+ 44. Kf5 e4 45. Rc6 e3 {[%emt 0:00:06] ( -> ...e2)} 46. Rc2 {[%emt 0:00:04] Black must now prevent a5.} Nd1 $2 (46... Kd6 $11) 47. Ke4 $1 $18 Bb6 {[%emt 0:01:02][%cal Oe3e2] [#]} (47... e2 48. Rxe2 Nc3+ 49. Kxd4+ $18) 48. Kf3 Nf2 $2 (48... Ba5 $16) 49. Rc6 Bd4 50. Rc4 Bb6 51. Ke2 $2 (51. h5 $18) 51... Nh3 52. Rg4 {[%emt 0:00:14] Prevents Ng1+.} ({Only move:} 52. Re4+ $16 Kf8 53. Rxe3 Nf4+ 54. Kf3 Bxe3 55. Kxe3 Nd5+ 56. Kd4) 52... Ke6 $2 (52... f5 $11 53. gxf6+ Kxf6) 53. Rb4 $2 (53. g6 $18) 53... Bc5 54. Rc4 Ba7 55. Rc6+ $2 {[%emt 0:00:25][%mdl 8192] [#]} (55. Rc1 $11 {and White stays safe.}) 55... Ke5 $2 (55... Kf5 $1 $19 56. Kd1 (56. Rf6+ $2 Ke4 $19) 56... Ng1) 56. Rc7 $11 Nf4+ 57. Kf3 e2 $2 (57... Bb6 $1 $14 58. Re7+ (58. Rxf7 e2 $14) 58... Kd6) 58. Re7+ $18 Kf5 (58... Kd6 $2 59. Re4 Ne6 60. Kxe2 $18) 59. Rxf7+ Kg6 (59... Ke6 60. Rxf4 e1=Q 61. Re4+ Qxe4+ 62. Kxe4 $18) 60. Re7 Bc5 $2 (60... Kf5 61. a5 Ng6 62. Rf7+ Ke6 63. Rf6+ Ke5 64. Kxe2 Nxh4) 61. Re4 Bb4 62. Kxf4 {[%emt 0:00:09] White mates.} e1=Q 63. Rxe1 Bxe1 {[%emt 0:00:01] KB-K3P} 64. Kg4 Bd2 65. h5+ Kf7 66. Kf5 Kg7 67. h6+ Kh7 68. Kf6 Bb4 69. Kf7 Bc3 70. a5 Kh8 71. a6 Bd4 72. g6 {[%emt 0:00:06] A wild game.  Weighted Error Value: White=0.49/Black=0.60} 1-0

[Event "Solidarity Match Ukraine-France 2022"]
[Site "Tornelo"]
[Date "2022.05.14"]
[Round "1.3"]
[White "Gatineau, Yovann"]
[Black "Berdnyk, Mariia"]
[Result "1-0"]
[ECO "A45"]
[WhiteElo "2367"]
[BlackElo "2290"]
[Annotator "TA"]
[PlyCount "71"]
[EventDate "2022.05.13"]
[EventType "team-tourn"]
[EventCountry "NET"]
[SourceTitle "playchess.com"]
[Source "ChessBase"]
[SourceQuality "1"]
[WhiteTeam "France"]
[BlackTeam "Ukraine"]
[WhiteTeamCountry "FRA"]
[BlackTeamCountry "UKR"]
[TimeControl "900+10"]

1. d4 Nf6 2. Bf4 g6 3. Nc3 d5 4. e3 Bg7 5. h4 h5 6. Nf3 {[%emt 0:00:02] A45: Trompowsky Attack.} O-O 7. Ne5 c5 8. Qd2 {[%emt 0:00:04] The position is equal.} cxd4 9. exd4 Nc6 10. O-O-O Bf5 11. Nxc6 bxc6 {[%emt 0:00:04] [#]} 12. Be5 $146 ({Predecessor:} 12. f3 c5 13. Be5 c4 14. Be2 a5 15. Rdg1 a4 16. Bxf6 Bxf6 17. g4 hxg4 18. fxg4 {0-1 (35) Shearsby,J (1673)-Stubbs,O (1905) Chess.com INT 2020}) 12... Qa5 13. f3 c5 14. Bd3 (14. dxc5 $11 Qxc5 15. Qd4 Qxd4 16. Bxd4) 14... cxd4 $15 15. Bxd4 {[%emt 0:00:13] Strongly threatening Bxf5.} Bxd3 16. Qxd3 Rab8 17. g4 Qb4 (17... hxg4 18. h5 Nxh5 19. Bxg7 Nxg7 20. Nxd5 $16) 18. b3 hxg4 (18... e6 $1 $15) 19. h5 Nxh5 {[%emt 0:02:48] Threatens to win with ...Qa3+.} (19... gxh5 $2 20. fxg4 Rfe8 21. g5 $16) 20. Nxd5 Qa3+ (20... Nf4 $1 $11 {keeps the balance.} 21. Nxf4 (21. Nxb4 Nxd3+ 22. Rxd3 Rxb4 $11) 21... Rfd8) 21. Kb1 $16 {[%emt 0:00:04] White is much more active.} g3 (21... Qd6 $16 {is a better chance.}) 22. Rdg1 $2 (22. Qe3 $18 e5 23. Bc5 (23. Bxe5 Rfe8 $18)) 22... Qd6 $1 $15 23. Bxg7 Nxg7 {[%emt 0:00:02][%mdl 8192] [#]} (23... Kxg7 $17 {and life is bright.} 24. Rh4 Rh8 25. Qc3+ Nf6 26. Nxf6 exf6) 24. Qd4 $2 (24. Rxg3 $1 $18 Rfd8 (24... Rbd8 25. Rg5) 25. Rg5) 24... Rfe8 $2 (24... Nh5 $2 25. Rxh5 $1 f6 26. Rh3 $18) (24... Rb5 $1 $11 {and Black stays safe.} 25. c4 (25. Qh4 Nh5 $15) 25... Rxd5 26. cxd5 (26. Qxd5 Qxd5 27. cxd5 Nf5 $11) 26... Nh5) 25. Qh4 Nh5 (25... f5 {was called for.}) 26. Qg5 $40 {[%emt 0:00:21][%mdl 1152] aiming for Rxh5. White has strong compensation. White has strong attack.} Ng7 {[%emt 0:01:22] [#]} (26... e5 $2 27. Rxh5 Qxd5 28. Rgh1 Qd1+ 29. Rxd1 $18) (26... Rb5 {is tougher.} 27. Rxh5 Rxd5 28. Qxd5 gxh5 29. Qxh5 (29. Qg5+ Kf8 $16) 29... e5 30. Rxg3+ Kf8) 27. Qh6 $1 f5 {[%emt 0:00:01] [#]} 28. Nf4 ({White must play} 28. Rh3 $1 $18 Kf7 (28... g2 29. Rh2) 29. Rhxg3 $1) 28... Kf7 $14 29. Qg5 $1 {[%emt 0:00:22] Hoping for Rh6.} ({But not} 29. Rxg3 $2 Rh8 30. Qxh8 Rxh8 31. Rxh8 Qxf4 $19) 29... e5 $2 {[%emt 0:00:12][%mdl 8192] [#]} (29... Rb4 $1 $14 30. c4 (30. Nd3 Rd4 $11) 30... Rxc4 31. Qxg6+ (31. bxc4 {is a self mate.} Qb4+ 32. Kc1 Qxc4+ 33. Kd2 Rd8+) 31... Qxg6 32. Nxg6 Rd4 33. Rxg3 e5) 30. Rd1 $1 $18 Qc6 {[%emt 0:00:52] [#]} 31. Nxg6 {[%emt 0:00:08][%cal Oh1h7][%mdl 512] Intending Rh7! and mate.} Rbc8 {[%emt 0:00:21] [#]} (31... Re6 32. Rh6) 32. c4 $1 {[%emt 0:00:11][%cal Oh1h7] Rh7! would kill now.} Rc7 (32... Re6 33. Rh6) 33. Rh6 Qxf3 {[%emt 0:00:06] [#]} 34. Nxe5+ $1 {[%emt 0:00:05][%mdl 576] Decoy, Clearance. White mates.} Rxe5 (34... Kg8 35. Nxf3) 35. Qf6+ Kg8 36. Rd8+ {[%emt 0:00:01] Weighted Error Value: White=0.61/Black=1.00} 1-0

[Event "Solidarity Match Ukraine-France 2022"]
[Site "Tornelo"]
[Date "2022.05.14"]
[Round "1.4"]
[White "Riff, Vincent"]
[Black "Petrovskyi, Vadym"]
[Result "1/2-1/2"]
[ECO "E04"]
[WhiteElo "2397"]
[BlackElo "2330"]
[Annotator "TA"]
[PlyCount "72"]
[EventDate "2022.05.13"]
[EventType "team-tourn"]
[EventCountry "NET"]
[SourceTitle "playchess.com"]
[Source "ChessBase"]
[SourceQuality "1"]
[WhiteTeam "France"]
[BlackTeam "Ukraine"]
[WhiteTeamCountry "FRA"]
[BlackTeamCountry "UKR"]
[TimeControl "900+10"]

1. d4 Nf6 2. Nf3 e6 3. c4 Bb4+ 4. Nbd2 d5 5. g3 O-O 6. Bg2 dxc4 7. O-O (7. a3 $5 Bxd2+ 8. Bxd2 $11) 7... b5 {[%emt 0:00:44] E04: Open Catalan: 5 Nf3.} 8. a4 c6 9. Qc2 Bb7 {[%emt 0:01:10] The position is equal.} 10. b3 {[%emt 0:00:40] 10.Rd1 is vanishing.} c3 (10... c5 $5 11. Bb2 bxa4 12. bxc4 Nbd7 $15) 11. Nb1 {[%emt 0:00:14] [#]} Qa5 $146 ({Predecessor:} 11... c5 12. Nxc3 cxd4 13. Nxb5 Nc6 14. Qc4 Qe7 15. Nbxd4 Na5 16. Qb5 Rfd8 17. Bf4 Bc3 {1-0 (33) Caruana,F (2819)-Naiditsch,A (2695) Karlsruhe/Baden Baden 2019}) 12. Ne5 Rc8 13. Nd3 Be7 {[%emt 0:00:53] [#] ...b4 is the strong threat.} 14. Nxc3 b4 15. Nb1 Nbd7 16. Nd2 Rab8 (16... Qa6 $11) 17. Nc4 $16 Qd8 18. Bf4 Ra8 19. Nd6 {[%emt 0:00:41] White is much more active.} Bxd6 20. Bxd6 a5 21. Nc5 Nxc5 22. dxc5 Nd5 23. Rfd1 Qe8 24. Rd4 e5 (24... f6 $14) 25. Rh4 g6 (25... h6 $16 {was worth a try.}) 26. Qd2 $18 {[%emt 0:00:07] aiming for Bxd5.} f6 {[%emt 0:00:44][%cal Bf7f6,Bf6f5][%mdl 32] [#]} 27. Bh3 $2 {[%emt 0:00:27] A strong pair of Bishops.} (27. Qh6 Qf7 $11) (27. e4 $1 $18 Nc3 28. f4 (28. Qh6 Qf7 $11)) 27... Qf7 28. Rc1 ({White should play} 28. e4 $11 Nc3 29. Bxc8 Bxc8 30. f4 Nxe4 31. Qe3) 28... Re8 $15 29. Bf1 e4 30. Qd4 (30. f3 $15) 30... f5 31. e3 Ba6 32. Rc4 (32. g4 $17) 32... Qf6 33. Qd1 Qe6 ({Inferior is} 33... Bxc4 34. Bxc4 h5 35. h3 (35. Bxd5+ cxd5 36. h3 Qe6 $17)) 34. Qd4 (34. Rc2 $142) 34... Qf6 ({Don't blunder} 34... Bxc4 $2 35. Bxc4 h5 36. Kg2) 35. Qd1 $1 Qe6 36. Qd4 $1 Qf6 $2 {[%emt 0:00:01] Never resign too early!  Weighted Error Value: White=0.24 (precise) /Black=0.30} (36... Bxc4 $19 37. Bxc4 h5) 1/2-1/2

[Event "Solidarity Match Ukraine-France 2022"]
[Site "Tornelo"]
[Date "2022.05.14"]
[Round "2.1"]
[White "Eljanov, Pavel"]
[Black "Fressinet, Laurent"]
[Result "1-0"]
[ECO "A62"]
[WhiteElo "2681"]
[BlackElo "2630"]
[Annotator "TA"]
[PlyCount "89"]
[EventDate "2022.05.13"]
[EventType "team-tourn"]
[EventCountry "NET"]
[SourceTitle "playchess.com"]
[Source "ChessBase"]
[SourceQuality "1"]
[WhiteTeam "Ukraine"]
[BlackTeam "France"]
[WhiteTeamCountry "UKR"]
[BlackTeamCountry "FRA"]
[TimeControl "900+10"]

1. Nf3 Nf6 2. g3 g6 3. c4 Bg7 4. Nc3 O-O 5. Bg2 c5 6. d4 d6 7. d5 e6 8. O-O exd5 9. cxd5 Re8 10. a4 {[%emt 0:00:08] A62: Modern Benoni: Fianchetto Variation without early ...Nbd7.} Bf5 {[%emt 0:02:50] [#]} (10... b6 $11 {keeps the balance.}) 11. Nd2 $146 ({Predecessor:} 11. Nh4 Bg4 12. h3 Bd7 13. Bf4 Qe7 14. Qd2 Na6 15. Rfe1 Nh5 16. Bg5 f6 17. Bh6 g5 18. Bxg7 gxh4 {1-0 (68) Buckels,V (2455)-Osmanodja,F (2293) Playchess.com INT 2020}) 11... b6 12. Nc4 {[%emt 0:01:14] White is better.} a6 (12... Na6 $16) 13. Bf4 $18 Bf8 14. Qb3 Ra7 15. Qxb6 Qxb6 16. Nxb6 Nh5 17. Bd2 Rb7 18. a5 Nd7 19. Nc4 {[%emt 0:00:20] Strongly threatening e4.} Rb4 {[%emt 0:00:47] [#]} 20. b3 (20. e4 $1 $16 {Hoping for b3.} Bxe4 21. Nxe4 Rxc4 22. Rfe1) 20... Bc2 $14 21. Na4 {[%emt 0:00:25] Black must now prevent Rfc1.} Rb7 22. Ne3 Bxb3 23. Rab1 Reb8 24. Nb6 Nxb6 ({Better is} 24... Ba4 $1 $11) 25. Rxb3 Nd7 {[%emt 0:00:02] White stays focused until the end.} 26. Rxb7 {[%emt 0:00:01] White is more active.} Rxb7 27. Nc4 $36 {[%emt 0:00:02][%mdl 2048] White is in control.} Nhf6 (27... f5 $142) 28. e4 Ne5 29. Nxe5 dxe5 30. Rc1 Bd6 31. f3 Nd7 (31... Rb3 $16 {was necessary.} 32. Kf2 Rb2) 32. Bf1 $18 Nb8 (32... Ra7 {was worth a try.} 33. h4 Kf8) 33. Be3 f6 34. Bxc5 Bxc5+ 35. Rxc5 {[%emt 0:00:02][%mdl 4096] Endgame KRB-KRN} Kf7 36. g4 {[%emt 0:01:21] Inhibits f5.} Ke7 37. h4 Kd8 38. g5 fxg5 (38... Rb3 $142 39. Kf2 (39. gxf6 Rxf3 40. d6 Nd7 $18) 39... Nd7) 39. hxg5 Rc7 40. Rxc7 Kxc7 41. Kf2 Kd6 42. Ke3 {[%emt 0:00:02] White threatens f4 and mate.} Ke7 43. f4 Kd6 44. fxe5+ Kxe5 45. Bh3 {[%emt 0:00:03] Weighted Error Value: White=0.08 (flawless) /Black=0.55} (45. Be2 $142 Nd7 46. Bxa6) 1-0

[Event "Solidarity Match Ukraine-France 2022"]
[Site "Tornelo"]
[Date "2022.05.14"]
[Round "2.2"]
[White "Buksa, Nataliya"]
[Black "Sebag, Marie"]
[Result "0-1"]
[ECO "B99"]
[WhiteElo "2406"]
[BlackElo "2472"]
[Annotator "TA"]
[PlyCount "114"]
[EventDate "2022.05.13"]
[EventType "team-tourn"]
[EventCountry "NET"]
[SourceTitle "playchess.com"]
[Source "ChessBase"]
[SourceQuality "1"]
[WhiteTeam "Ukraine"]
[BlackTeam "France"]
[WhiteTeamCountry "UKR"]
[BlackTeamCountry "FRA"]
[TimeControl "900+10"]

1. e4 c5 2. Nf3 d6 3. d4 cxd4 4. Nxd4 Nf6 5. Nc3 a6 6. Bg5 e6 7. f4 Qc7 8. Qf3 b5 9. O-O-O Bb7 10. a3 Nbd7 11. g4 Be7 12. Bxf6 Bxf6 13. g5 Be7 (13... Bxd4 $11 14. Rxd4 O-O) 14. f5 {[%emt 0:00:03] B99: Sicilian Najdorf: 6 Bg5 e6 7 f4 Be7 8 Qf3 Qc7 9 0-0-0 Nbd7.} (14. h4 $16) 14... e5 $1 $15 (14... Bxg5+ 15. Kb1 $11) 15. Nb3 Bxg5+ 16. Kb1 {[%emt 0:00:02][%cal Of1b5] Black is better.} Rc8 ({Black should try} 16... Nf6 $17 {White must now prevent ...0-0.} 17. Rg1 Bh6) 17. Rg1 {[%emt 0:00:12] [#]} (17. Qg2 $1 $11 {remains equal.} Be7 18. Qxg7) 17... Bh6 $146 ({Predecessor:} 17... h6 18. Be2 Ke7 19. h4 Bxh4 20. Rxg7 Bg5 21. f6+ Bxf6 22. Rg2 Qb6 23. Qf5 Bc6 {1-0 (68) Maltsevskaya,A (2129)-Tomilova,E (2329) Kaliningrad 2015}) 18. Ka2 (18. Qf2 $142) 18... b4 (18... Qb6 $17 19. Qd3 Rc6) 19. axb4 $15 Qb6 $36 {[%emt 0:00:02][%csl LRb4,LRg1][%mdl 2048] Black fights for an advantage.} 20. Bh3 Nf6 21. Qd3 $1 (21. Na5 $2 Ba8 22. Nd5 Bxd5+ 23. exd5 Rxc2 $19) 21... Ke7 22. Na5 Ba8 (22... Rxc3 23. Qxc3 Rc8 24. Qb3 $14 (24. Nc4 Qb5 $11)) 23. Kb1 $2 (23. Nc4 Qxb4 24. b3 (24. Qxd6+ $2 Qxd6 25. Nxd6 Rc6 $19) 24... Rhd8 $17) (23. Ka3 $1 $15) 23... Qxb4 $19 24. Qxa6 Rhd8 $2 (24... Rxc3 $19 25. Qa7+ Bb7 $1 26. Nxb7 Rc7) 25. Rg3 $2 (25. Qa7+ $2 Kf8 26. Rd3 Bd2 $1 $19 ) (25. Qxa8 $1 $11 {and White is okay.} Rxc3 26. Nc6+ Rxc6 27. Qxc6) 25... Rb8 (25... Bxe4 26. Nxe4 Qxe4 27. Rgd3 $19) 26. b3 Nxe4 $2 (26... Kf8 $19 {has better winning chances.} 27. Bg2 (27. Nc6 $2 Bxc6 28. Qxc6 Ra8 $19) 27... Bf4) 27. f6+ (27. Qxa8 $17 Nxc3+ 28. Rxc3 Qxc3 29. Nc6+ Kf6 30. Nxb8) 27... gxf6 {[%emt 0:00:23] Really sharp!} 28. Qxa8 (28. Nxe4 $17 Bxe4 29. Nc6+ Bxc6 30. Qxc6) 28... Nxc3+ 29. Rxc3 Qxc3 ({Don't play} 29... Rxa8 30. Nc6+ Kf8 31. Nxb4 $18) 30. Nc6+ Kf8 31. Nxb8 Qxh3 32. Qb7 $2 (32. Qd5) 32... Qc8 33. Qxc8 Rxc8 {[%emt 0:00:02][%mdl 4096] Endgame KRB-KRN} 34. Nd7+ Ke7 35. Nb6 Rg8 36. b4 f5 37. b5 $2 (37. Nd5+ Ke6 38. Nc7+ Kd7 39. Nd5) 37... Ke6 {[%emt 0:01:01] Strongly threatening ...Rb8.} 38. c4 Be3 39. Nd5 Bd4 40. Ka2 (40. Kc2 {was necessary.}) 40... Rg2+ 41. Ka3 Rc2 $2 {[%emt 0:00:44] [#]} (41... Kd7 $19 {Hoping for ...f4.} 42. Nf6+ Kd8) 42. b6 (42. Rxd4 $1 $14 {is the one way to stay ahead.} exd4 43. b6 Rxc4 44. b7 Kxd5 45. b8=Q) 42... Bc5+ $1 $17 (42... Rxh2 43. Rxd4 $1 Rg2 44. Rh4 Rg3+ 45. Ka4 $18) 43. Kb3 {[%emt 0:00:13] [#]} Rg2 $1 ({Don't take} 43... Rxh2 44. b7 Ba7 45. Ra1 Rh3+ 46. Nc3 $16) 44. b7 Rg8 45. Nc7+ Ke7 (45... Kd7 $17 46. Na6 Ba7) 46. Na6 (46. Nd5+ $1 $11 {keeps the balance.} Ke6 47. Kc2) 46... Ba7 47. Ka4 (47. Nb4 $17 Bb8 48. Nd5+ Ke6 49. Ra1) 47... f4 $19 48. Kb5 (48. Nb4 $142 Kd7 49. Kb5) 48... f3 {[%emt 0:00:04] And now ...e4 would win.} 49. Nb4 {[%emt 0:00:02] aiming for Nc6+.} Ke6 {[%emt 0:00:14] ...e4 is the strong threat.} 50. Nc6 $2 (50. Ra1 Bb8 51. Nd5) 50... Bc5 51. b8=Q Rxb8+ 52. Nxb8 e4 53. Rf1 f2 54. Na6 e3 55. Nxc5+ dxc5 56. Kxc5 e2 57. Rxf2 e1=Q {[%emt 0:00:03] Weighted Error Value: White=1.03/Black=0.48} 0-1

[Event "Solidarity Match Ukraine-France 2022"]
[Site "Tornelo"]
[Date "2022.05.14"]
[Round "2.3"]
[White "Berdnyk, Mariia"]
[Black "Gatineau, Yovann"]
[Result "0-1"]
[ECO "E04"]
[WhiteElo "2290"]
[BlackElo "2367"]
[Annotator "TA"]
[PlyCount "92"]
[EventDate "2022.05.13"]
[EventType "team-tourn"]
[EventCountry "NET"]
[SourceTitle "playchess.com"]
[Source "ChessBase"]
[SourceQuality "1"]
[WhiteTeam "Ukraine"]
[BlackTeam "France"]
[WhiteTeamCountry "UKR"]
[BlackTeamCountry "FRA"]
[TimeControl "900+10"]

1. d4 d5 2. c4 c6 3. Nf3 Nf6 4. g3 dxc4 5. Bg2 b5 6. O-O Bb7 7. Ne5 e6 8. Nc3 Qc8 {[%emt 0:03:14] E04: Open Catalan: 5 Nf3.} 9. e4 {[%emt 0:02:16] [#]} Bb4 $146 ({Predecessor:} 9... Be7 10. d5 exd5 11. exd5 O-O 12. d6 Bd8 13. a4 b4 14. Ne4 c5 15. Re1 Nxe4 16. Rxe4 {1-0 (36) Lumidao,M (2135)-Salvador,L (2211) Bangkok 2019}) 10. Bg5 Nbd7 {[%emt 0:01:09] The position is equal.} 11. Nxd7 Nxd7 12. e5 (12. Qg4 $11) 12... Bxc3 $17 13. bxc3 O-O (13... c5 $17 {And now ...Bxg2 would win.} 14. Bxb7 Qxb7) 14. Qg4 $11 Kh8 15. Qh5 (15. Be7 $11 Re8 16. Bd6) 15... c5 $17 16. Be7 Bxg2 17. Kxg2 Re8 18. Bd6 (18. Qxf7 $2 Qb7+ 19. Kg1 Nb6 20. Qxe6 Rxe7 $19) (18. Bxc5 $17 Nxc5 19. dxc5) 18... Qc6+ 19. Kg1 Kg8 (19... cxd4 $19 {has better winning chances.} 20. cxd4 Kg8) 20. Rad1 Rad8 (20... a5 $17 21. a4 h6) 21. f4 (21. Rd2 $15) 21... cxd4 22. Rxd4 Nf8 (22... f5 $17 {Hoping for ...Nc5.} 23. Qg5 Nb6) 23. f5 (23. a4 $11) 23... exf5 $1 $15 24. Qxf5 Qd7 25. Qh5 (25. a4 $15) 25... Ng6 26. Qf3 Qe6 27. Qb7 a6 $1 ({Much less strong is} 27... Nxe5 28. Bxe5 a6 29. Rxd8 Rxd8 30. Bd4 $16) 28. h4 (28. Qxa6 $17 {was called for.} Nxe5 29. Qxb5) 28... Rd7 ({Black should try} 28... Nxe5 $19 29. Bxe5 Qxe5 30. Qxf7+ Kh8) 29. Qf3 h6 30. h5 Nf8 31. Rf4 (31. a4 $17) 31... Nh7 $19 {[%emt 0:00:07] Strongly threatening ...Ng5.} 32. Rf5 {[%emt 0:00:32] [#]} (32. Qg4 {might work better.}) 32... Ng5 33. Qc6 (33. Qg4 {keeps fighting.}) 33... Red8 34. Qxa6 Qd5 ({Don't blunder} 34... Rxd6 $2 35. exd6 Qe3+ 36. Kh2 $19 (36. Kh1 $2 Qe4+ 37. Kg1 Qe3+ 38. Kh2 Qe2+ 39. Kg1 Qg4 $19)) 35. Qb6 Qd3 {[%emt 0:00:34][%csl LRc3,LRg3] Inhibits Qe3.} 36. Kh2 Qe2+ 37. R1f2 Qxh5+ 38. Kg2 Qh3+ 39. Kg1 Qxg3+ 40. Kh1 Qh3+ 41. Kg1 Qg4+ 42. Kh2 Ne4 43. R2f4 Qg3+ {[%emt 0:00:04] Black mates.} 44. Kh1 Nxd6 45. exd6 Rxd6 46. Qf2 Rd1+ {[%emt 0:00:04] Weighted Error Value: White=0.87/Black=0.34} 0-1